 Dungeon Crawl Stone Soup version 0.26-a0-477-g38aef04 (webtiles) character file.

Game seed: 11550123531887818363

9 Gypsu the Skirmisher (level 2, 8/24 HPs)
             Began as a Demonspawn Berserker on Aug 1, 2020.
             Was a Follower of Trog.
             Got out of the dungeon alive.
             The game lasted 00:00:42 (218 turns).

Gypsu the Skirmisher (Demonspawn Berserker)          Turns: 218, Time: 00:00:43

Health: 8/24       AC:  2    Str: 17    XL:     2   Next: 3%
Magic:  2/2        EV: 12    Int:  8    God:    Trog [*.....]
Gold:   18         SH:  0    Dex: 12    Spells: 1/1 levels left

rFire    . . .     SeeInvis .   a - +0 falchion
rCold    . . .     Faith    .   (no shield)
rNeg     . . .     Spirit   .   b - +0 animal skin
rPois    .         Reflect  .   (helmet restricted)
rElec    .         Harm     .   (no cloak)
rCorr    .         Rnd*Tele +   (no gloves)
MR       .....                  (no boots)
Stlth    +.........             (no amulet)
HPRegen  0.08/turn              d - ring of teleportation (curse)
MPRegen  0.08/turn              (no ring)

@: berserk cooldown, slowed, very slow
A: antennae 1
a: Berserk, Renounce Religion


You escaped.
You worshipped Trog.
Trog was aware of your devotion.
You visited 1 branch of the dungeon, and saw 1 of its levels.

You collected 18 gold pieces.

Inventory:

Hand Weapons
 a - a +0 falchion (weapon)
Armour
 b - a +0 animal skin (worn)
Jewellery
 d - a cursed ring of teleportation (left hand)
Potions
 c - a potion of lignification {unknown}


   Skills:
 + Level 3.1 Fighting
 + Level 3.0 Long Blades
 + Level 1.8 Armour
 + Level 1.8 Dodging


You had one spell level left.
You didn't know any spells.
Your spell library was empty.

Dungeon Overview and Level Annotations

Branches:
Dungeon (1/15)

Altars:


Innate Abilities, Weirdness & Mutations

You have a pair of small antennae on your head.


Message History

The rat barely misses you.
You riposte.
You hit the rat.
You kill the rat!
Trog accepts your kill.
Your Long Blades skill increases to level 3!
You have reached level 2!
Your demonic ancestry asserts itself...
A pair of antennae grows on your head!
You slash the kobold!
You kill the kobold!
Trog accepts your kill.
You feel a strong urge to attack something.
You feel your anger nearly subside.
You are no longer berserk.
You are exhausted.
You feel yourself slow down.
There is an open door here.
Items here: ) ÷ ††.
There is a staircase leading out of the dungeon here.
You can't go down here!
Are you sure you want to leave the Dungeon?
This will make you lose the game!
You have escaped!

#.......#...............
#.................######
#.....#)#...#(###.#
#..####.#####.# #..# #
##..#.#..##.# ##..#
#.#.#.#.#.#.# #...
#..#...#..#.# ..!.
####.....####. ###
+.....@.....+.
####.....####.
#..#...#..# ..
#.#.#.#.#.# ##..#.#..##
####.#### #+#


There were no monsters in sight!

Vanquished Creatures
  A giant cockroach (D:1)
  A hobgoblin (D:1)
  3 kobolds (D:1)
  A ball python (D:1)
  A bat (D:1)
  A frilled lizard (D:1)
  A rat (D:1)
9 creatures vanquished.

Notes
Turn   | Place    | Note
-------+----------+-------------------------------------------
     0 | D:1      | Gypsu the Demonspawn Berserker began the quest for the Orb.
     0 | D:1      | Reached XP level 1. HP: 18/18 MP: 1/1
   199 | D:1      | Gained mutation: You have a pair of small antennae on your
                  | head. [demonic ancestry]
   199 | D:1      | Reached XP level 2. HP: 10/24 MP: 2/2
   218 | D:$      | Got out of the dungeon alive.

Illustrated notes

Levels and vault maps discovered:
D:1:      nzn_arrival_crosshair, layout_rooms, serial_bayou_pond_c

Skill      XL: |  1 |
---------------+----+-----
Long Blades    | 3 |  3.0
Fighting       | |  3.1
Armour         | |  1.8
Dodging        | |  1.8

Action                   || total
-------------------------++-------
Melee: Falchion          ||    20
Invok: Berserk           ||     2
Armor: Animal skin       ||     3
Dodge: Dodged            ||    22
       Rpst.: Falchion   ||     5

Table legend: (Time is in decaauts)
 A = Elapsed time spent in this place.
 B = Non-inter-level travel time spent in this place.
 C = Inter-level travel time spent in this place.
 D = Time resting spent in this place.
 E = Time spent auto-exploring this place.
 F = Levels seen in this place.
 G = Mean time per level.
                   A        B        C        D        E       F      G
               +--------+--------+--------+--------+--------+-----+--------+
         Total |    236 |    216 |     20 |     52 |    121 |   1 |  236.0 |
       Dungeon |    236 |    216 |     20 |     52 |    121 |   1 |  236.0 |
               +--------+--------+--------+--------+--------+-----+--------+

Top non-repeatable levels by time:
     D:1: 236 daAuts
